AoeStats
← Der Wieland

African Clearing

504776364Analyzed
4v4 RM · 25d ago on Sep 6, 2026· 50m 40s· 8 players
Game mode
Random Map
Map size
Large (8 player)
Population
200
Speed
Normal
Resources
Standard
Victory
Conquest
Starting age
Dark Age
Ending age
Imperial Age
RankedLock teamsTeams togetherTeam positionsShared explorationLock speedFull tech treeHidden civsTurbo modeCheats
Victory
Defeat
🇭🇰 Cumans · Hong Kong SAR China
1046
+15
🇭🇰 Maya · Hong Kong SAR China
1030
+32
🇹🇼 Mongols · Taiwan
1030
+16
🇨🇳 Franks · China
1011
+17
🇪🇨 Celts · Ecuador
1055
-17
🇵🇪 Burgundians · Peru
1039
-16
🇩🇪 Byzantines · Germany
1023
-16
🇷🇺 Turks · Russia
998
-15
Nitrochui
4:41 Loom
17:27 Feudal Age
21:47 Castle Age
20:25 Double-Bit Axe
20:23 Horse Collar
21:33 Scale Mail Armor
21:34 Gold Mining
21:35 Stone Mining
22:35 Town Watch
23:25 Wheelbarrow
24:43 Fletching
26:39 Bodkin Arrow
27:12 Padded Archer Armor
28:29 Thumb Ring
30:59 Leather Archer Armor
33:11 Hand Cart
jerry80tim
8:24 Loom
18:03 Feudal Age
21:07 Double-Bit Axe
25:22 Wheelbarrow
28:42 Castle Age
javier1205hk
3:51 Loom
14:13 Feudal Age
15:50 Double-Bit Axe
20:12 Castle Age
18:36 Horse Collar
21:25 Bow Saw
23:38 Gold Mining
25:15 Stone Mining
28:24 Forging
29:54 Wheelbarrow
30:16 Scale Barding Armor
31:01 Fletching
31:12 Padded Archer Armor
31:26 Bloodlines
31:31 Heavy Plow
33:45 Hand Cart
34:27 Steppe Husbandry
34:17 Town Watch
35:17 Bodkin Arrow
35:38 Leather Archer Armor
38:55 Imperial Age
38:08 Gold Shaft Mining
38:59 Elite Steppe Lancer
40:06 Conscription
39:06 Elite Kipchak
41:16 Iron Casting
41:33 Chain Barding Armor
44:00 Two-Man Saw
43:36 Crop Rotation
43:33 Cuman Mercenaries
48:32 Town Patrol
随风
7:04 Loom
15:06 Feudal Age
16:30 Double-Bit Axe
20:39 Castle Age
21:43 Bow Saw
24:50 Wheelbarrow
26:03 Hand Cart
30:27 Gold Mining
30:55 Stone Mining
33:34 Gold Shaft Mining
36:26 Imperial Age
34:41 Scale Barding Armor
34:46 Forging
36:01 Husbandry
36:12 Masonry
37:25 Chain Barding Armor
37:40 Iron Casting
36:47 Cavalier
37:32 Chivalry
38:43 Architecture
43:26 Blast Furnace
45:10 Plate Barding Armor
46:33 Fletching
✪ Loading… ] 99%
10:04 Loom
17:07 Feudal Age
17:29 Horse Collar
17:35 Double-Bit Axe
26:18 Castle Age
25:27 Stone Mining
27:07 Heavy Plow
27:21 Bow Saw
32:27 Scale Barding Armor
32:33 Forging
33:38 Bloodlines
34:42 Gold Mining
36:24 Gold Shaft Mining
35:58 Husbandry
37:09 Wheelbarrow
40:51 Imperial Age
38:50 Hand Cart
39:53 Chain Barding Armor
42:09 Conscription
41:18 Elite Janissary
42:01 Padded Archer Armor
42:13 Heavy Camel Rider
47:59 Leather Archer Armor
4k_hd
12:17 Loom
14:29 Feudal Age
20:52 Castle Age
19:51 Fishing Lines
20:33 Gold Mining
21:38 Gillnets
24:50 Wheelbarrow
24:02 Double-Bit Axe
24:43 Fletching
24:55 Padded Archer Armor
26:52 Bow Saw
26:21 Man-at-Arms
26:47 Gambesons
28:25 Stronghold
29:34 Murder Holes
29:20 Treadmill Crane
31:05 Leather Archer Armor
30:46 Bodkin Arrow
31:02 Forging
30:53 Scale Mail Armor
31:51 Hand Cart
31:53 Elite Skirmisher
36:21 Imperial Age
34:51 Town Watch
37:42 Town Patrol
37:21 Long Swordsman
38:40 Ring Archer Armor
38:46 Iron Casting
39:03 Capped Ram
40:23 Conscription
40:26 Siege Ram
42:56 Chain Mail Armor
42:20 Pikeman
45:25 Furor Celtica
48:07 Blast Furnace
48:35 Plate Mail Armor
47:59 Halberdier
50:15 Siege Engineers
50:31 Ballistics
51:12 Chemistry
50:24 Fortified Wall
Der Wieland
8:21 Loom
11:59 Feudal Age
16:17 Double-Bit Axe
21:18 Horse Collar
25:48 Castle Age
25:30 Scale Barding Armor
25:35 Forging
27:19 Bow Saw
28:09 Wheelbarrow
30:08 Heavy Plow
34:49 Gold Mining
36:57 Chain Barding Armor
41:02 Imperial Age
39:14 Elite Skirmisher
39:59 Thumb Ring
41:52 Heavy Camel Rider
Jc
5:37 Loom
9:23 Double-Bit Axe
13:47 Wheelbarrow
14:25 Wheelbarrow
16:20 Feudal Age
18:18 Bow Saw
18:01 Stone Mining
18:44 Hand Cart
19:24 Stone Shaft Mining
21:46 Castle Age
19:40 Horse Collar
22:29 Castle Age
22:34 Town Watch
30:52 Gold Mining
33:08 Two-Man Saw
33:30 Heavy Plow
34:16 Gold Shaft Mining
36:01 Crop Rotation
35:49 Town Patrol
37:22 Scale Barding Armor
37:28 Forging
38:51 Chain Barding Armor
41:17 Imperial Age
39:14 Husbandry
Connection lost

Rejoining the realm…

Still unreachable

The connection could not be restored.

Session expired

The server has moved on; the page needs a fresh start.